SAAA
PHOENIX HOTSPUR RESERVES @ ALLOWAY HALBERDS
08/29/2034
 
TOP OF THE 1ST
Phoenix Hotspur Reserves batting - Pitching for Alloway Halberds : RHP Ramón Molina
Pitching: RHP Ramón Molina
Batting: LHB Jason DeGeorge 0-0: Ball
1-0: Called Strike
1-1: Ball
2-1: Ball
3-1: Fly out, F8 (Line Drive, 8LD)
Batting: RHB Jim Justice 0-0: Ball
1-0: Ball
2-0: Ball
3-0: Base on Balls
Batting: LHB Mare Riseley 0-0: Swinging Strike
0-1: Ball
1-1: Fielders Choice at 2nd, 4-6 (Groundball, 4)
Batting: RHB Hieronymus Bosch 0-0: Ball
1-0: Fielders Choice at 2nd, 6-4 (Groundball, 6)
Top of the 1st over - 0 runs, 0 hits, 0 errors, 1 left on base; Phoenix 0 - Alloway 0
BOTTOM OF THE 1ST
Alloway Halberds batting - Pitching for Phoenix Hotspur Reserves : RHP Tim Yoder
Pitching: RHP Tim Yoder
Batting: RHB José Alcalá 0-0: Ball
1-0: Foul Ball, location: 2F
1-1: Fly out, F8 (Flyball, 78M)
Batting: RHB Kelly Harris 0-0: Called Strike
0-1: Ball
1-1: Ball
2-1: SINGLE (Groundball, 56D)
Batting: LHB Mike Clifton 0-0: Foul Ball, location: 2F
0-1: Ball
1-1: Ball
2-1: Ball
3-1: Foul Ball, location: 2F
3-2: Fly out, F8 (Flyball, 89D)
Batting: RHB Manny Gonzáles 0-0: Called Strike
0-1: Ball
1-1: Ball
2-1: SINGLE (Line Drive, 6M)
Kelly Harris to second
Runner from 2nd tries for 3rd, SAFE, no throw
Batting: RHB Carlos De Jesús 0-0: Ball
1-0: Foul Ball, location: 2F
1-1: Foul Ball, location: 2F
1-2: Ball
2-2: Ball
3-2: Base on Balls
Manny Gonzáles to second
Batting: RHB Cisco Hernández 0-0: Ball
1-0: Called Strike
1-1: Ground out 4-3 (Groundball, 4S)
Bottom of the 1st over - 0 runs, 2 hits, 0 errors, 3 left on base; Phoenix 0 - Alloway 0
TOP OF THE 2ND
Phoenix Hotspur Reserves batting - Pitching for Alloway Halberds : RHP Ramón Molina
Batting: RHB Carl Tucker 0-0: Ball
1-0: Foul Ball, location: 2F
1-1: Ball
2-1: Called Strike
2-2: Ball
3-2: Ground out 4-3 (Groundball, 4)
Batting: RHB Solomon Norment 0-0: Called Strike
0-1: Ball
1-1: Called Strike
1-2: Strikes out swinging
Batting: RHB Bernardo Rivera 0-0: Called Strike
0-1: Swinging Strike
0-2: Foul Ball, location: 2F
0-2: Strikes out looking
Top of the 2nd over - 0 runs, 0 hits, 0 errors, 0 left on base; Phoenix 0 - Alloway 0
BOTTOM OF THE 2ND
Alloway Halberds batting - Pitching for Phoenix Hotspur Reserves : RHP Tim Yoder
Batting: RHB Enrique Gómez 0-0: Called Strike
0-1: Foul Ball, location: 2F
0-2: Strikes out swinging, 2-3 out at first.
Batting: RHB Carlos Ramírez 0-0: Called Strike
0-1: Ball
1-1: Ball
2-1: Ground out 6-3 (Groundball, 6M)
Batting: RHB Bass Reeves 0-0: Ball
1-0: Called Strike
1-1: Foul Ball, location: 2F
1-2: Foul Ball, location: 2F
1-2: Strikes out swinging
Bottom of the 2nd over - 0 runs, 0 hits, 0 errors, 0 left on base; Phoenix 0 - Alloway 0
TOP OF THE 3RD
Phoenix Hotspur Reserves batting - Pitching for Alloway Halberds : RHP Ramón Molina
Batting: RHB Germán Alfaro 0-0: Called Strike
0-1: Ball
1-1: Ground out 3-1 (Groundball, 34)
Batting: RHB Satoshi Terada 0-0: Foul Ball, location: 2F
0-1: Ball
1-1: Ground out 5-3 (Groundball, 56S)
Batting: LHB Jason DeGeorge 0-0: Ball
1-0: SINGLE (Groundball, 34S) (infield hit)
Batting: RHB Jim Justice 0-0: Ball
1-0: Called Strike
1-1: Foul Ball, location: 2F
1-2: Ball
2-2: Ball
3-2: SINGLE (Line Drive, 56)
Jason DeGeorge to second
Jason DeGeorge to third
Batting: LHB Mare Riseley 0-0: Foul Ball, location: 2F
0-1: Ground out 1-3 (Groundball, 13)
Top of the 3rd over - 0 runs, 2 hits, 0 errors, 2 left on base; Phoenix 0 - Alloway 0
BOTTOM OF THE 3RD
Alloway Halberds batting - Pitching for Phoenix Hotspur Reserves : RHP Tim Yoder
Batting: RHB José Alcalá 0-0: Called Strike
0-1: Ball
1-1: Ball
2-1: Foul Ball, location: 2F
2-2: Ball
3-2: Base on Balls
Batting: RHB Kelly Harris 0-0: Called Strike
0-1: Ball
1-1: SINGLE (Groundball, 56D)
José Alcalá to second
Batting: LHB Mike Clifton 0-0: Called Strike
0-1: Ball
1-1: Swinging Strike
1-2: Foul Ball, location: 2F
1-2: Grounds into double play, 6-4-3 (Groundball, 6)
José Alcalá to third
Batting: RHB Manny Gonzáles 0-0: Called Strike
0-1: Ball
1-1: Foul Ball, location: 2F
1-2: Fly out, F8 (Flyball, 78D)
Bottom of the 3rd over - 0 runs, 1 hit, 0 errors, 1 left on base; Phoenix 0 - Alloway 0
TOP OF THE 4TH
Phoenix Hotspur Reserves batting - Pitching for Alloway Halberds : RHP Ramón Molina
Batting: RHB Hieronymus Bosch 0-0: SINGLE (Groundball, 6MD)
Batting: RHB Carl Tucker 0-0: Called Strike
0-1: Ball
1-1: Foul Ball, location: 2F
1-2: Foul Ball, location: 2F
1-2: Ball
2-2: Foul Ball, location: 2F
2-2: Strikes out swinging
Batting: RHB Solomon Norment 0-0: Foul Ball, location: 2F
0-1: Ball
1-1: Fly out, F3 (Popup, 3L)
Batting: RHB Bernardo Rivera 0-0: Called Strike
0-1: Fielders Choice at 2nd, 5-4 (Groundball, 5)
Top of the 4th over - 0 runs, 1 hit, 0 errors, 1 left on base; Phoenix 0 - Alloway 0
BOTTOM OF THE 4TH
Alloway Halberds batting - Pitching for Phoenix Hotspur Reserves : RHP Tim Yoder
Batting: RHB Carlos De Jesús 0-0: Ball
1-0: Called Strike
1-1: Foul Ball, location: 2F
1-2: Ball
2-2: Ball
3-2: Strikes out looking
Batting: RHB Cisco Hernández 0-0: Ball
1-0: Foul Ball, location: 2F
1-1: Ball
2-1: Ball
3-1: Foul Ball, location: 2F
3-2: Foul Ball, location: 2F
3-2: Fly out, F6 (Line Drive, 6)
Batting: RHB Enrique Gómez 0-0: DOUBLE (Flyball, 89D)
Batting: RHB Carlos Ramírez 0-0: Ball
1-0: Ball
2-0: Foul Ball, location: 2F
2-1: Ground out 5-3 (Groundball, 56)
Bottom of the 4th over - 0 runs, 1 hit, 0 errors, 1 left on base; Phoenix 0 - Alloway 0
TOP OF THE 5TH
Phoenix Hotspur Reserves batting - Pitching for Alloway Halberds : RHP Ramón Molina
Batting: RHB Germán Alfaro 0-0: Ball
1-0: Called Strike
1-1: Foul Ball, location: 2F
1-2: Ball
2-2: SINGLE (Groundball, 6D)
Batting: RHB Satoshi Terada 0-0: Called Strike
0-1: Ball
1-1: Sac Bunt - play at first, batter OUT! 5-4
Germán Alfaro to second
Batting: LHB Jason DeGeorge 0-0: Ground out 6-3 (Groundball, 6)
Germán Alfaro to third
Batting: RHB Jim Justice 0-0: Called Strike
0-1: Ground out 6-3 (Groundball, 6S)
Top of the 5th over - 0 runs, 1 hit, 0 errors, 1 left on base; Phoenix 0 - Alloway 0
BOTTOM OF THE 5TH
Alloway Halberds batting - Pitching for Phoenix Hotspur Reserves : RHP Tim Yoder
Batting: RHB Bass Reeves 0-0: Ball
1-0: Ground out 6-3 (Groundball, 6)
Batting: RHB José Alcalá 0-0: Ball
1-0: Ball
2-0: Ground out 4-3 (Groundball, 4)
Batting: RHB Kelly Harris 0-0: Ball
1-0: Called Strike
1-1: Swinging Strike
1-2: Foul Ball, location: 2F
1-2: Foul Ball, location: 2F
1-2: Fly out, F8 (Flyball, 89D)
Bottom of the 5th over - 0 runs, 0 hits, 0 errors, 0 left on base; Phoenix 0 - Alloway 0
TOP OF THE 6TH
Phoenix Hotspur Reserves batting - Pitching for Alloway Halberds : RHP Ramón Molina
Batting: LHB Mare Riseley 0-0: Called Strike
0-1: Ball
1-1: Called Strike
1-2: Ball
2-2: Ball
3-2: Foul Ball, location: 2F
3-2: Foul Ball, location: 2F
3-2: Foul Ball, location: 2F
3-2: SINGLE (Line Drive, 6MD)
Batting: RHB Hieronymus Bosch 0-0: Ball
Wild Pitch!
Mare Riseley to second
1-0: Foul Ball, location: 2F
1-1: Ball
2-1: Fly out, F6 (Popup, P)
Batting: RHB Carl Tucker 0-0: Called Strike
0-1: Called Strike
0-2: Strikes out swinging
Batting: RHB Solomon Norment 0-0: Called Strike
0-1: Ball
1-1: Foul Ball, location: 2F
1-2: Strikes out swinging
Top of the 6th over - 0 runs, 1 hit, 0 errors, 1 left on base; Phoenix 0 - Alloway 0
BOTTOM OF THE 6TH
Alloway Halberds batting - Pitching for Phoenix Hotspur Reserves : RHP Tim Yoder
Batting: LHB Mike Clifton 0-0: Foul Ball, location: 2F
0-1: Ball
1-1: Hit by Pitch
Batting: RHB Manny Gonzáles 0-0: Ball
1-0: Ball
2-0: Swinging Strike
2-1: Foul Ball, location: 2F
2-2: Ball
3-2: Strikes out swinging
Batting: RHB Carlos De Jesús 0-0: Ball
1-0: Called Strike
1-1: Grounds into double play, 6-4-3 (Groundball, 6M)
Bottom of the 6th over - 0 runs, 0 hits, 0 errors, 0 left on base; Phoenix 0 - Alloway 0
TOP OF THE 7TH
Phoenix Hotspur Reserves batting - Pitching for Alloway Halberds : RHP Ramón Molina
Batting: RHB Bernardo Rivera 0-0: Foul Ball, location: 2F
0-1: SINGLE (Line Drive, 4M)
Batting: RHB Germán Alfaro 0-0: Ball
1-0: Ball
2-0: Foul Ball, location: 2F
2-1: Foul Ball, location: 2F
2-2: Foul Ball, location: 2F
2-2: Foul Ball, location: 2F
2-2: Ball
3-2: Strikes out swinging
Pinch Hitting: LHB António Escalante 0-0: Ball
1-0: Foul Ball, location: 2F
1-1: Called Strike
1-2: Foul Ball, location: 2F
1-2: Foul Ball, location: 2F
1-2: SINGLE (Groundball, 4MD)
Bernardo Rivera to second
Pinch Runner at 2nd James Turner:
Batting: LHB Jason DeGeorge 0-0: 3-RUN HOME RUN (Flyball, 9LD), Distance : 348 ft
Batting: RHB Jim Justice 0-0: Called Strike
0-1: Ball
1-1: Foul Ball, location: 2F
1-2: DOUBLE (Flyball, 8RXD)
Pitching: RHP John Ball
Batting: LHB Mare Riseley 0-0: Called Strike
0-1: Foul Ball, location: 2F
0-2: Strikes out swinging
Batting: RHB Hieronymus Bosch 0-0: Called Strike
0-1: Ball
1-1: Ball
2-1: Ball
3-1: Foul Ball, location: 2F
3-2: SINGLE (Flyball, 78S)
Jim Justice to third
Jim Justice scores
Batting: RHB Carl Tucker Pickoff Throw to First - Error! E1
Hieronymus Bosch to second
0-0: Called Strike
0-1: Ball
1-1: Reached on error, E6 (Groundball, 6)
Hieronymus Bosch scores
Batting: RHB Solomon Norment 0-0: Ball
1-0: Ground out 3-1 (Groundball, 34S)
Top of the 7th over - 5 runs, 5 hits, 2 errors, 1 left on base; Phoenix 5 - Alloway 0
BOTTOM OF THE 7TH
Alloway Halberds batting - Pitching for Phoenix Hotspur Reserves : RHP Tim Yoder
Now at 1B: Marc Meertens
Now at SS: James Turner
Batting: RHB Cisco Hernández 0-0: Called Strike
0-1: Called Strike
0-2: Strikes out swinging
Batting: RHB Enrique Gómez 0-0: Ball
1-0: Ball
2-0: Foul Ball, location: 2F
2-1: Swinging Strike
2-2: Ball
3-2: Fly out, F7 (Flyball, 7S)
Batting: RHB Carlos Ramírez 0-0: TRIPLE (Flyball, 7D)
Batting: RHB Bass Reeves 0-0: Ball
1-0: DOUBLE (Groundball, 5L)
Carlos Ramírez scores
Pitching: RHP Dylan Guérin
Batting: RHB José Alcalá 0-0: SINGLE (Line Drive, 8LS)
Bass Reeves to third
Runner from 3rd tries for Home, SAFE, no throw
Batting: RHB Kelly Harris 0-0: Ball
1-0: SINGLE (Line Drive, 4MD)
José Alcalá to second
Batting: LHB Mike Clifton 0-0: Called Strike
0-1: Swinging Strike
0-2: Ball
1-2: Strikes out swinging
Bottom of the 7th over - 2 runs, 4 hits, 0 errors, 2 left on base; Phoenix 5 - Alloway 2
TOP OF THE 8TH
Phoenix Hotspur Reserves batting - Pitching for Alloway Halberds : RHP John Ball
Batting: RHB James Turner 0-0: Swinging Strike
0-1: Foul Ball, location: 2F
0-2: Ball
1-2: SINGLE (Groundball, 4MD)
Batting: RHB Germán Alfaro 0-0: SINGLE (Groundball, 56)
James Turner to second
Batting: RHB Marc Meertens 0-0: Bunted foul
0-1: Ball
James Turner steals 3rd base
Germán Alfaro to second
1-1: Fly out, F6 (Line Drive, 6)
Batting: LHB Jason DeGeorge 0-0: Intentional Walk
Batting: RHB Jim Justice 0-0: Ball
1-0: Ball
2-0: Called Strike
2-1: Swinging Strike
2-2: Ball
3-2: Base on Balls
James Turner scores
Germán Alfaro to third
Jason DeGeorge to second
Pitching: RHP Nicholas Beyer
Batting: LHB Mare Riseley 0-0: Fly out, F9 (Flyball, 9LM)
Runner from 3rd tags up, SCORES, no throw
Batting: RHB Hieronymus Bosch 0-0: Ball
1-0: Ball
2-0: Ball
3-0: Called Strike
3-1: Foul Ball, location: 2F
3-2: Base on Balls
Jason DeGeorge to third
Jim Justice to second
Batting: RHB Carl Tucker 0-0: Ball
1-0: Ball
2-0: Called Strike
2-1: Foul Ball, location: 2F
2-2: Ball
Wild Pitch!
Jason DeGeorge scores
Jim Justice to third
Hieronymus Bosch to second
3-2: Ground out 4-3 (Groundball, 4M)
Top of the 8th over - 3 runs, 2 hits, 0 errors, 2 left on base; Phoenix 8 - Alloway 2
BOTTOM OF THE 8TH
Alloway Halberds batting - Pitching for Phoenix Hotspur Reserves : RHP Dylan Guérin
Batting: RHB Manny Gonzáles 0-0: Foul Ball, location: 2F
0-1: Ball
1-1: Foul Ball, location: 2F
1-2: SINGLE (Line Drive, 7LS)
Batting: RHB Carlos De Jesús 0-0: Called Strike
0-1: Foul Ball, location: 2F
0-2: Ball
1-2: Ball
2-2: Ball
3-2: Foul Ball, location: 2F
3-2: Fielders Choice at 2nd, 1-4 (Groundball, 15S)
Batting: RHB Cisco Hernández 0-0: Grounds into double play, 4-6-3 (Groundball, 4)
Bottom of the 8th over - 0 runs, 1 hit, 0 errors, 0 left on base; Phoenix 8 - Alloway 2
TOP OF THE 9TH
Phoenix Hotspur Reserves batting - Pitching for Alloway Halberds : RHP Nicholas Beyer
Pitching: RHP Cheung Lai
Batting: RHB Solomon Norment 0-0: Ball
1-0: Fly out, F6 (Line Drive, 6)
Batting: RHB James Turner 0-0: Ball
1-0: Foul Ball, location: 2F
1-1: Called Strike
1-2: Foul Ball, location: 2F
1-2: Foul Ball, location: 2F
1-2: Strikes out swinging
Batting: RHB Germán Alfaro 0-0: Called Strike
0-1: Foul Ball, location: 2F
0-2: Fly out, F8 (Flyball, 8RXD)
Top of the 9th over - 0 runs, 0 hits, 0 errors, 0 left on base; Phoenix 8 - Alloway 2
BOTTOM OF THE 9TH
Alloway Halberds batting - Pitching for Phoenix Hotspur Reserves : RHP Dylan Guérin
Batting: RHB Enrique Gómez 0-0: Ball
1-0: Ground out 6-3 (Groundball, 6)
Batting: RHB Carlos Ramírez 0-0: Foul Ball, location: 2F
0-1: Ground out 3-1 (Groundball, 34)
Batting: RHB Bass Reeves 0-0: Ball
1-0: Called Strike
1-1: Called Strike
1-2: Foul Ball, location: 2F
1-2: Ground out 6-3 (Groundball, 6MD)
Bottom of the 9th over - 0 runs, 0 hits, 0 errors, 0 left on base; Phoenix 8 - Alloway 2
Friday, March 29th, 2019 - OOTP Baseball 18.8 Build 76